 Dungeon Crawl Stone Soup version 0.16.1-14-g82efdee (webtiles) character file.

420 KarvaRausku the Slasher (level 6, 0/38 HPs)
             Began as a Tengu Gladiator on Apr 11, 2015.
             Slain by an adder (3 damage)
             ... on level 5 of the Dungeon.
             The game lasted 00:08:58 (3607 turns).

KarvaRausku the Slasher (Tengu Gladiator)           Turns: 3607, Time: 00:08:58

Health: 0/38       AC:  8    Str: 17    XL:     6   Next: 94%
Magic:  8/8        EV:  8    Int:  9    God:
Gold:   157        SH:  0    Dex: 14    Spells: 0 memorised, 5 levels left

rFire  . . .     SeeInvis .     a - +0 long sword
rCold  . . .     Clarity  .     k - +0 chain mail
rNeg   . . .     SustAb   .     (no shield)
rPois  .         Gourm    .     c - +0 hat
rElec  .         Spirit   .     (no cloak)
rCorr  +         Warding  .     (no gloves)
rMut   .         Stasis   .     (boots unavailable)
MR     .....                    q - amulet of resist corrosion
Stlth  ..........               (no ring)
                                (no ring)

@: not resistant to hostile enchantments, extremely unstealthy
A: able to fly, beak, talons 3
a: Fly


You were on level 5 of the Dungeon.
You were not hungry.

You visited 1 branch of the dungeon, and saw 5 of its levels.

You collected 157 gold pieces.

Inventory:

Hand weapons
 a - a +0 long sword (weapon)
Missiles
 s - 3 tomahawks (quivered)
Armour
 b - a +0 leather armour
 c - a +0 hat (worn)
 k - a +0 chain mail (worn)
Jewellery
 q - an amulet of resist corrosion (around neck)
 u - an uncursed ring of invisibility {unknown}
Scrolls
 e - 2 scrolls of blinking {unknown}
 h - a scroll of identify {unknown}
 i - a scroll of random uselessness {unknown}
 m - 2 scrolls of teleportation {unknown}
 n - 2 scrolls of magic mapping {unknown}
Potions
 g - a potion of heal wounds {unknown}
 j - a potion of restore abilities {unknown}
 l - a potion of might {unknown}
 o - a potion of flight {unknown}
 p - a potion of cancellation {unknown}
 r - a potion of curing {unknown}
 t - a potion of lignification {unknown}
 v - a potion of mutation {unknown}
Comestibles
 f - 4 bread rations
 w - a slice of pizza


   Skills:
 + Level 4.2 Fighting
 * Level 7.1 Long Blades
 - Level 2.2 Throwing
 - Level 3.3 Dodging


You had 5 spell levels left.
You didn't know any spells.

Dungeon Overview and Level Annotations

Branches:
Dungeon (5/15)
 Temple: D:4-7

Altars:
Makhleb
Xom


Innate Abilities, Weirdness & Mutations

You can fly.
You have a beak for a mouth.
You have claws for feet.


Message History

The orc shouts!
Found a stone staircase leading down.
An adder comes into view. 2 orcs come into view.
The orc shouts! x2
An orc comes into view. It is wielding a mace.
The orc shouts!
The orc hits you but does no damage. The adder misses you.
The adder bites you but does no damage.
A sky beast appears from thin air!
Reactivating autopickup.
The adder closely misses you.
The sky beast flickers out of sight!
Deactivating autopickup; reactivate with Ctrl-A.
The adder bites you.
* * * LOW HITPOINT WARNING * * *
The adder bites you but does no damage. The adder bites you.
You die...

#.##.###########
####.#.............
..................
..................
######...#######.#
### #.#.......#.#...
######.#.#####.#.#.#
#......#..# #.....#
#.#######.## ###@###
#.# #..# ###S## #.#
##.# #....# #.#
#.###....# #.####
#..##....# #....#
##.####.## ####.####
#.## #.#
#.......###..# #.#
#.##.#.....#?# #.#


You could see an adder.

Vanquished Creatures
  A sky beast (D:5)
  An iguana (D:4)
  3 orc wizards (D:3)
  A worker ant (D:4)
  6 adders
  2 giant mites
  A worm (D:2)
  4 giant geckos
  2 oozes
  14 orcs
  5 giant cockroaches
  10 hobgoblins
  2 jackals (D:2)
  A quokka (D:2)
  11 bats
  A giant gecko skeleton (D:4)
  3 giant newts
  9 goblins
  13 kobolds
  7 rats
97 creatures vanquished.

Notes
Turn   | Place    | Note
--------------------------------------------------------------
     0 | D:1      | KarvaRausku, the Tengu Gladiator, began the quest for the Orb.
     0 | D:1      | Reached XP level 1. HP: 12/12 MP: 1/1
    87 | D:1      | Reached XP level 2. HP: 9/18 MP: 3/3
   750 | D:2      | Reached XP level 3. HP: 15/22 MP: 4/4
   754 | D:2      | Reached skill level 4 in Long Blades
  1328 | D:2      | Found a burning altar of Makhleb.
  1329 | D:2      | Found a shimmering altar of Xom.
  1413 | D:2      | Reached XP level 4. HP: 25/28 MP: 5/5
  2090 | D:3      | Reached XP level 5. HP: 32/32 MP: 7/7
  2112 | D:3      | Reached skill level 5 in Long Blades
  2573 | D:3      | Reached skill level 6 in Long Blades
  2704 | D:3      | Reached XP level 6. HP: 32/37 MP: 8/8
  3465 | D:4      | You fall through a shaft!
  3465 | D:5      | Entered Level 5 of the Dungeon
  3496 | D:5      | Reached skill level 7 in Long Blades
  3558 | D:5      | HP: 1/38 [something (6)]
  3574 | D:5      | HP: 1/38 [rat (2)]
  3607 | D:5      | Slain by an adder

Action                   |  1- 3 |  4- 6 || total
-------------------------+-------+-------++-------
Melee: Long sword        |    84 |   189 ||   273
Throw: Tomahawk          |       |    15 ||    15
       Throwing net      |       |     4 ||     4
 Stab: Held in net/web   |       |     2 ||     2
  Eat: Chunk             |     1 |     8 ||     9
